 Dungeon Crawl Stone Soup version 0.14-a0-102-g2341383 (console) character file.

13711 Kellhus the Conjurer (level 12, 54/57 HPs)
             Began as a Gargoyle Wizard on Oct 2, 2013.
             Was an Elder of Vehumet.
             Quit the game on Level 8 of the Dungeon.
             The game lasted 00:58:32 (17393 turns).

Kellhus the Conjurer (Gargoyle Wizard)             Turns: 17393, Time: 00:58:32

HP  54/57        AC 20     Str 11      XL: 12   Next:  7%
MP  27/28        EV 11     Int 24      God: Vehumet [****..]
Gold 141         SH  0     Dex  8      Spells:  7 memorised,  4 levels left

Res.Fire  : + . .   See Invis. : .   K - staff of wizardry
Res.Cold  : + . .   Warding    : .   M - +2 robe {rC+ rF+} (curse)
Life Prot.: + . .   Conserve   : .   (no shield)
Res.Poison: +       Res.Corr.  : .   b - +0 wizard hat
Res.Elec. : +       Clarity    : .   x - +1 cloak
Sust.Abil.: . .     Spirit.Shd : .   L - +0 pair of gauntlets
Res.Mut.  : .       Stasis     : .   w - -1 pair of boots of Parts Unknown {Acc+5}
Res.Rott. : +       Flight     : .   y - amulet of faith
Saprovore : . . .                    B - +5 ring of protection
                                     O - ring of wizardry

@: very slightly contaminated, hasted, very quick, somewhat resistant to hostile
enchantments, unstealthy
A: fangs 1, talons 2, life protection 1, electricity resistance, slow metabolism
1, unbreathing, petrification resistance, AC +8
a: Renounce Religion


You were on level 8 of the Dungeon.
You worshipped Vehumet.
Vehumet was greatly pleased with you.
You were not hungry.

You visited 3 branches of the dungeon, and saw 12 of its levels.
You also visited: Labyrinth.

You collected 504 gold pieces.
You spent 383 gold pieces at shops.

Inventory:

Hand weapons
 l - a +1,+1 orcish short sword of electrocution
 S - a +2,+0 great sword of holy wrath
Missiles
 F - 8 poisoned needles
Armour
 b - a +0 wizard hat (worn)
 w - the cursed -1 pair of boots of Parts Unknown (worn) {Acc+5}
   (You bought it in a shop on level 8 of the Dungeon)

   It affects your accuracy (+5).
   It has a curse placed upon it.
 x - a +1 cloak (worn)
 L - a +0 pair of gauntlets (worn)
 M - a cursed +2 robe of resistance (worn)
Magical devices
 o - a wand of lightning (4)
 q - a wand of polymorph (7)
 v - a wand of flame (0)
 N - a wand of enslavement (13) {unknown}
Comestibles
 d - 5 bread rations
 f - a meat ration
 r - 2 chokos
 z - 3 chunks of agate snail flesh
 C - 2 apricots
 H - 4 apples
Scrolls
 h - 5 scrolls of remove curse
 m - 4 scrolls of teleportation
 s - 2 scrolls of curse jewellery
 t - 3 scrolls of fog
 u - 2 scrolls of fear
 J - a scroll of magic mapping
 R - 2 scrolls of blinking
Jewellery
 e - an uncursed ring of sustain abilities {unknown}
 p - an uncursed amulet of stasis {unknown}
 y - an amulet of faith (around neck)
 B - a +5 ring of protection (right hand)
 D - an uncursed amulet of resist corrosion
 G - an uncursed ring of poison resistance {unknown}
 O - a ring of wizardry (left hand)
 V - an uncursed ring of protection from fire {unknown}
 W - an uncursed ring of flight
Potions
 g - a potion of heal wounds
 i - a potion of berserk rage
 j - 9 potions of curing
 n - a potion of brilliance
 A - 3 potions of agility
Books
 c - a book of Minor Magic

   Spells                             Type                      Level
   *Magic Dart                        Conjuration                  1
   *Blink                             Translocation                2
   Call Imp                           Summoning                    2
   *Repel Missiles                    Charms/Air                   2
   Slow                               Hexes                        2
   Conjure Flame                      Conjuration/Fire             3
   *Mephitic Cloud                    Conjuration/Poison/Air       3
 k - a book of Fire

   Spells                             Type                      Level
   Fire Brand                         Charms/Fire                  2
   Ignite Poison                      Fire/Transmutation           5
   *Fireball                          Conjuration/Fire             5
   *Bolt of Fire                      Conjuration/Fire             6
   Delayed Fireball                   Conjuration/Fire             7
   Ring of Flames                     Charms/Fire                  7
 P - a book of Flames

   Spells                             Type                      Level
   Flame Tongue                       Conjuration/Fire             1
   Throw Flame                        Conjuration/Fire             2
   Conjure Flame                      Conjuration/Fire             3
   Inner Flame                        Hexes/Fire                   3
   *Sticky Flame                      Conjuration/Fire             4
   *Fireball                          Conjuration/Fire             5
 U - a book of Spatial Translocations

   Spells                             Type                      Level
   Apportation                        Translocation                1
   Portal Projectile                  Translocation                2
   *Blink                             Translocation                2
   Shroud of Golubria                 Charms/Translocation         2
   Teleport Other                     Translocation                3
   Passage of Golubria                Translocation                4
Magical staves
 K - an uncursed staff of wizardry (weapon)
Rods
 a - a +2 lightning rod (10/10)
   (You found it on level 7 of the Dungeon)
 T - a +1 rod of the swarm (11/11)
   (You found it in a labyrinth)


   Skills:
 - Level 1.5 Dodging
 - Level 2.1 Stealth
 - Level 8.1 Spellcasting
 + Level 12.7 Conjurations
   Level 0.8 Summonings
 - Level 0.8 Translocations
 + Level 12.3 Fire Magic


You had 4 spell levels left.
You knew the following spells:

 Your Spells              Type           Power        Failure   Level  Hunger
a - Magic Dart            Conj           ####         1%          1    None
b - Bolt of Fire          Conj/Fire      ######....   1%          6    ######.
c - Mephitic Cloud        Conj/Pois/Air  ####....     1%          3    None
d - Fireball              Conj/Fire      ######....   1%          5    ####...
f - Sticky Flame          Conj/Fire      ######..     1%          4    ##.....
l - Blink                 Tloc           N/A          2%          2    None
r - Repel Missiles        Chrm/Air       #.........   3%          2    None


Dungeon Overview and Level Annotations

Branches:
Dungeon (8/27)             Temple (1/1) D:5             Orc (0/4) D:7
   Lair (3/8) D:8           Snake (0/5) Lair:3
  Swamp: Lair:3-6    Shoals: Lair:3-6    Spider: Lair:3-6

Altars:
Ashenzari
Cheibriados
Elyvilon
Fedhas
Kikubaaqudgha
Makhleb
Nemelex Xobeh
Okawaru
Sif Muna
Trog
Vehumet
Xom
Yredelemnul
the Shining One

Shops:
D:6 (%[/   D:8 [


Innate Abilities, Weirdness & Mutations

You are resistant to torment.
You are immune to poison.
Your stone body is very resilient (AC +8).
You have very sharp teeth.
You have razor-sharp toenails.
You resist negative energy.
You are resistant to electric shocks.
You have a slow metabolism.
You can survive without breathing.
You are immune to petrification.


Message History

w - a pair of ichor-stained boots Thank you for shopping at Strumn's Antique Armour Emporium!
Wear which item? (? for menu, Esc to quit)
You start putting on your armour.
You continue putting on your pair of ichor-stained boots.
You finish putting on the cursed -1 pair of boots of Parts Unknown {Acc+5}.
Oops, that feels deathly cold.
(D) Dungeon (T) Temple (O) Orcish Mines (L) Lair (P) Snake Pit
Where to? (Enter - D:8 @ (x,y), ? - help)
What level of the Lair of Beasts? (default 1, ? - help)
Okay, then.
Drink which item? (? for menu, Esc to quit)
You feel yourself speed up.
It was a potion of speed.
You are very lightly contaminated with residual magic.
Drink which item? (? for menu, Esc to quit)
Okay, then.
Read which item? (? for menu, Esc to quit)
Okay, then.
Are you sure you want to abandon this character and quit the game? (Confirm with "yes".)

#....#####.........#.######..
#....# #.........#.# #.>
#....# #.......).'.# #..
##'### #.........### #.) #..#
#.........# ##' ##.#
###.####### ###. #.#
###..<###### #... ###'###
#..........# #.## #.....#
#..@.......# ###'## #.#####
#..........####..... #...#.#
#..........##.'.>...
###.#.####..........##.#.....
#.#.#.##............##.#..)..
#.#.#.##.#..........##.#.....
#.#...##.#..........##.#.....
#.###.#..#.............#.....
#.#...+.##..........#####.+##


There were no monsters in sight!

Vanquished Creatures
  A minotaur (Lab)
  A hydra (Lair:2)
  Fannar (Lair:1)
  Harold (Lair:1)
  2 death yaks (Lair:3)
  A black mamba (Lair:2)
  3 spiny frogs (Lair:1)
  A komodo dragon (D:8)
  A fire drake (Lair:3)
  A raven (D:6)
  A basilisk (Lair:2)
  Eustachio (D:4)
  A hippogriff (Lair:1)
  4 yaks
  3 wolves (Lair:2)
  A hungry ghost (D:8)
  3 porcupines
  A necrophage (D:7)
  3 orc warriors
  2 nagas (Lair:3)
  A centaur (D:5)
  3 sky beasts
  A warg (D:8)
  A crocodile (Lair:1)
  4 ogres
  Sigmund (D:6)
  7 giant frogs
  A giant slug (Lair:2)
  2 water moccasins
  6 agate snails
  7 crimson imps
  A jelly (D:6)
  A goliath beetle (D:7)
  8 hounds
  8 orc priests
  8 orc wizards
  Crazy Yiuf (D:2)
  3 electric eels (D:7)
  A water moccasin skeleton (D:4)
  6 worker ants
  2 iguanas
  2 scorpions
  7 humans (Lair:2)
  8 sheep (Lair:2)
  Ijyb (D:4)
  A mummy (D:8)
  A worker ant zombie (D:6)
  13 adders
  3 gnolls (D:7)
  2 giant centipedes
  A giant mite (D:2)
  An inept feature mimic (D:4)
  3 worms
  An iguana skeleton (D:6)
  A giant eyeball (D:7)
  8 giant geckos
  24 orcs
  A ball python (D:1)
  3 giant cockroaches
  21 goblins
  18 hobgoblins
  2 jackals (Lair:2)
  11 quokkas
  29 bats
  7 giant newts
  A giant newt skeleton (D:5)
  2 giant spores (D:7)
  2 hobgoblin skeletons
  15 kobolds
  A quokka skeleton (D:8)
  12 rats
  A spectral orc (D:2)
  7 ballistomycetes (D:7)
316 creatures vanquished.

Notes
Turn   | Place    | Note
--------------------------------------------------------------
     0 | D:1      | Kellhus, the Gargoyle Wizard, began the quest for the Orb.
     0 | D:1      | Reached XP level 1. HP: 8/8 MP: 5/5
   462 | D:1      | Reached XP level 2. HP: 11/13 MP: 0/7
   868 | D:1      | Reached XP level 3. HP: 13/17 MP: 0/9
  1585 | D:2      | Reached skill level 4 in Conjurations
  1585 | D:2      | Reached XP level 4. HP: 22/22 MP: 8/11
  1743 | D:2      | Noticed Crazy Yiuf
  1759 | D:2      | Killed Crazy Yiuf
  1996 | D:2      | Found a basalt altar of Yredelemnul.
  2325 | D:3      | Reached skill level 5 in Conjurations
  2435 | D:3      | Reached XP level 5. HP: 26/26 MP: 9/12
  2883 | D:3      | Found a blossoming altar of Fedhas.
  3389 | D:3      | Learned a level 3 spell: Conjure Flame
  3393 | D:3      | Learned a level 3 spell: Mephitic Cloud
  3417 | D:4      | Found a staircase to the Ecumenical Temple.
  3419 | D:4      | the staircase to the Ecumenical Temple was a mimic.
  3424 | D:4      | Reached skill level 6 in Conjurations
  3474 | D:4      | Noticed Eustachio
  3497 | D:4      | Found a burning altar of Makhleb.
  3507 | D:4      | Noticed Ijyb
  3515 | D:4      | Killed Ijyb
  3658 | D:4      | Noticed an ogre
  3669 | D:4      | Killed an ogre
  3669 | D:4      | Reached XP level 6. HP: 31/31 MP: 4/14
  3915 | D:4      | Reached skill level 7 in Conjurations
  4586 | D:4      | Killed Eustachio
  4586 | D:4      | Reached XP level 7. HP: 35/35 MP: 4/18
  4695 | D:5      | Entered Level 5 of the Dungeon
  4876 | D:5      | Found a staircase to the Ecumenical Temple.
  4954 | D:5      | Learned a level 4 spell: Sticky Flame
  4956 | Temple   | Entered the Ecumenical Temple
  5335 | D:5      | Reached skill level 5 in Spellcasting
  5542 | D:5      | Learned a level 2 spell: Blink
  5545 | D:5      | Learned a level 2 spell: Repel Missiles
  5586 | D:5      | Reached skill level 1 in Fire Magic
  5714 | D:5      | Reached XP level 8. HP: 32/40 MP: 8/20
  6581 | D:6      | Reached skill level 5 in Fire Magic
  6643 | D:6      | Noticed a raven
  6655 | D:6      | Killed a raven
  7348 | D:6      | Noticed Sigmund
  7626 | D:6      | Found Pnutt's Magical Wand Shoppe.
  7636 | D:6      | Killed Sigmund
  7636 | D:6      | Reached XP level 9. HP: 44/44 MP: 7/21
  7650 | D:6      | Found Striop's Antique Armour Boutique.
  7655 | D:6      | Found Xappi's Food Shoppe.
  7681 | D:6      | Found Qaon's Weapon Shoppe.
  7900 | D:6      | Found a radiant altar of Vehumet.
  7927 | D:6      | Became a worshipper of Vehumet
  8020 | D:6      | Bought a heavy robe for 182 gold pieces
  8027 | D:6      | Identified the cursed -7 robe of Broken Taboos {rF+ Curse} (You bought it in a shop on level 6 of the Dungeon)
  8398 | D:7      | Found a staircase to the Orcish Mines.
  8436 | D:7      | Reached skill level 8 in Conjurations
  8799 | D:7      | Acquired Vehumet's first power
  8799 | D:7      | Offered knowledge of Freeze by Vehumet.
  8896 | D:6      | Learned a level 5 spell: Fireball
  9392 | D:8      | Found a shimmering altar of Xom.
  9532 | D:8      | Found Strumn's Antique Armour Emporium.
  9605 | D:8      | Bought an embroidered robe for 19 gold pieces
  9651 | D:8      | Found a staircase to the Lair.
  9960 | D:8      | Found a deep blue altar of Sif Muna.
 10025 | D:8      | Offered knowledge of Sting by Vehumet.
 10111 | D:8      | Reached XP level 10. HP: 48/48 MP: 15/26
 10233 | D:8      | Found a sparkling altar of Nemelex Xobeh.
 10618 | Lair:1   | Entered Level 1 of the Lair of Beasts
 10618 | Lair:1   | Noticed Harold
 10695 | Lair:1   | Killed Harold
 10695 | Lair:1   | Reached skill level 9 in Conjurations
 10715 | Lair:1   | Found a labyrinth entrance.
 10725 | Lab      | Entered a labyrinth
 13400 | Lab      | Noticed a minotaur
 13425 | Lab      | Killed a minotaur
 13454 | Lab      | Identified a +1 rod of the swarm (11/11) (You found it in a labyrinth)
 13489 | Lair:1   | Noticed Fannar
 13494 | Lair:1   | Killed Fannar
 13494 | Lair:1   | Reached skill level 10 in Conjurations
 13494 | Lair:1   | Reached skill level 10 in Fire Magic
 13653 | Lair:1   | Reached XP level 11. HP: 52/52 MP: 19/27
 14319 | Lair:1   | Found a basalt altar of Yredelemnul.
 14933 | Lair:2   | Reached skill level 11 in Conjurations
 15278 | Lair:2   | Offered knowledge of Searing Ray by Vehumet.
 15486 | Lair:2   | Acquired Vehumet's second power
 15695 | Lair:2   | Noticed a six-headed hydra
 15700 | Lair:2   | Killed a six-headed hydra
 15723 | Lair:2   | Offered knowledge of Static Discharge by Vehumet.
 15976 | Lair:2   | Reached skill level 12 in Conjurations
 16520 | Lair:2   | Learned a level 6 spell: Bolt of Fire
 16775 | Lair:3   | Noticed a death yak
 16791 | Lair:3   | Killed a death yak
 16952 | Lair:3   | Found a staircase to the Snake Pit.
 16954 | Lair:3   | Noticed a death yak
 16978 | Lair:3   | Noticed a death yak
 17011 | Lair:3   | Killed a death yak
 17011 | Lair:3   | Reached XP level 12. HP: 36/57 MP: 8/28
 17023 | Lair:2   | Acquired Vehumet's third power
 17358 | D:8      | Offered knowledge of Fulminant Prism by Vehumet.
 17389 | D:8      | Bought a pair of ichor-stained boots for 182 gold pieces
 17392 | D:8      | Identified the cursed -1 pair of boots of Parts Unknown {Acc+5} (You bought it in a shop on level 8 of the Dungeon)
 17393 | D:8      | Quit the game

Action                   |  1- 3 |  4- 6 |  7- 9 | 10-12 || total
-------------------------+-------+-------+-------+-------++-------
Melee: Unarmed           |     7 |       |       |       ||     7
       Short sword       |       |     8 |    52 |     6 ||    66
       Staff             |       |       |       |     6 ||     6
 Cast: Magic Dart        |    90 |   167 |   330 |   204 ||   791
       Conjure Flame     |       |     3 |     3 |       ||     6
       Mephitic Cloud    |       |     2 |     7 |     6 ||    15
       Sticky Flame      |       |       |    39 |    53 ||    92
       Fireball          |       |       |     4 |    16 ||    20
       Blink             |       |       |       |     1 ||     1
       Bolt of Fire      |       |       |       |    10 ||    10
       Repel Missiles    |       |       |       |     1 ||     1
Evoke: Wand              |       |       |     1 |     2 ||     3
  Use: Scroll            |       |       |    19 |     5 ||    24
       Potion            |       |       |     1 |     1 ||     2
